 Dungeon Crawl Stone Soup version 0.21.1-1-g345015f (webtiles) character file.

551 empire the Carver (level 7, -6/85 HPs)
             Began as a Minotaur Fighter on June 21, 2018.
             Mangled by a gnoll
             ... wielding a +0 flail
              (10 damage)
             ... on level 4 of the Dungeon.
             The game lasted 00:05:49 (3739 turns).

empire the Carver (Minotaur Fighter)                Turns: 3739, Time: 00:05:49

Health: -6/85      AC:  7    Str: 27    XL:     7   Next: 7%
Magic:  6/6        EV:  7    Int:  5    God:
Gold:   258        SH: 10    Dex: 10    Spells: 6/6 levels left

rFire    + . .     SeeInvis .   a - +0 long sword
rCold    . . .     Gourm    .   c - +0 shield
rNeg     . . .     Faith    .   b - +0 scale mail
rPois    .         Spirit   .   (helmet restricted)
rElec    .         Reflect  .   (no cloak)
rCorr    .         Harm     .   (no gloves)
MR       .....                  (no boots)
Stlth    ..........             (no amulet)
HPRegen  0.24/turn              e - ring of protection from fire
MPRegen  0.10/turn              (no ring)

@: berserking, glowing, very quick
A: retaliatory headbutt, horns 2
a: no special abilities


You were on level 4 of the Dungeon.
You were not hungry.

You visited 2 branches of the dungeon, and saw 5 of its levels.

You collected 258 gold pieces.

Inventory:

Hand Weapons
 a - a +0 long sword (weapon)
 z - a cursed +0 shortbow
Armour
 b - a +0 scale mail (worn)
 c - a +0 shield (worn)
 v - a +0 plate armour
Jewellery
 e - a ring of protection from fire (left hand)
 p - an uncursed amulet of magic regeneration {unknown}
 s - an uncursed ring of stealth {unknown}
 w - an uncursed amulet of faith {unknown}
Wands
 q - a wand of paralysis (15)
 y - a wand of acid (10)
Scrolls
 h - 4 scrolls of remove curse {unknown}
 i - a scroll of fear {unknown}
 k - 3 scrolls of teleportation {unknown}
 l - 2 scrolls of enchant weapon {unknown}
 m - 3 scrolls of identify {unknown}
 t - 3 scrolls of amnesia {unknown}
Potions
 d - a potion of might
 j - a potion of ambrosia {unknown}
 n - 2 potions of curing {unknown}
 o - a potion of haste {unknown}
 r - a potion of cancellation {unknown}
 u - 2 potions of berserk rage
 x - a potion of flight {unknown}
Comestibles
 f - 7 rations
 g - a chunk of flesh


   Skills:
 - Level 3.6 Fighting
 - Level 8.6 Long Blades
 + Level 5.1 Armour
 - Level 3.6 Shields


You had 6 spell levels left.
You didn't know any spells.

Dungeon Overview and Level Annotations

Branches:
Dungeon (4/15)             Temple (1/1) D:4

Altars:
Elyvilon
Fedhas
Nemelex Xobeh
Okawaru
Qazlal
Ru
Sif Muna
Trog
Uskayaw
Vehumet
Yredelemnul


Innate Abilities, Weirdness & Mutations

You reflexively headbutt those who attack you in melee.
You have a pair of horns on your head.


Message History

You have reached level 7!
The gnoll hits you with a flail!
* * * LOW HITPOINT WARNING * * *
You block the gnoll's attack. The gnoll barely misses you.
The gnoll hits you but does no damage. You block the gnoll's attack.
The gnoll closely misses you. You furiously retaliate!
You headbutt the gnoll.
You kill the gnoll!
The gnoll hits you with a halberd.
* * * LOW HITPOINT WARNING * * *
Things that are here:
a club; a leather armour; 9 gold pieces It was a potion of berserk rage.
A red film seems to cover your vision as you go berserk!
You feel yourself moving faster!
You feel mighty! You block the gnoll's attack.
The gnoll hits you but does no damage. You block the gnoll's attack.
You slash the gnoll! Your headbutt misses the gnoll.
The gnoll is heavily wounded.
The gnoll hits you with a flail!
You die...

#########
#.......#
#.......#
#.......#
#.......#
#.......#
#.......#
#..g@.?.#
#..gg...#
#.......#
#.......#
#.......#
#.....(.#
##....(..#
#........#
#........#


You could see 3 gnolls.

Vanquished Creatures
  An ogre (D:4)
  2 scorpions (D:4)
  A howler monkey (D:4)
  A gnoll shaman (D:4)
  2 hounds (D:4)
  Jessica (D:3)
  2 worker ants (D:4)
  3 adders
  5 gnolls
  2 worms (D:2)
  2 dart slugs (D:4)
  3 leopard geckos
  8 orcs
  2 giant cockroaches
  5 goblins
  10 hobgoblins
  6 jackals
  4 quokkas
  8 bats
  6 frilled lizards
  7 kobolds
  A leopard gecko skeleton (D:4)
  9 rats
91 creatures vanquished.

Notes
Turn   | Place    | Note
-------+----------+-------------------------------------------
     0 | D:1      | empire the Minotaur Fighter began the quest for the Orb.
     0 | D:1      | Reached XP level 1. HP: 19/19 MP: 0/0
   318 | D:1      | Reached skill level 3 in Long Blades
   328 | D:1      | Reached XP level 2. HP: 26/26 MP: 1/1
   558 | D:1      | Reached skill level 4 in Long Blades
   762 | D:2      | Reached XP level 3. HP: 23/31 MP: 2/2
   938 | D:2      | Reached skill level 5 in Long Blades
   942 | D:2      | Reached XP level 4. HP: 6/39 MP: 3/3
  2047 | D:3      | Reached skill level 6 in Long Blades
  2070 | D:3      | Noticed Jessica
  2075 | D:3      | Killed Jessica
  2075 | D:3      | Reached XP level 5. HP: 31/45 MP: 4/4
  2719 | D:4      | Reached skill level 7 in Long Blades
  2776 | D:4      | Reached XP level 6. HP: 48/51 MP: 5/5
  2793 | D:4      | Reached skill level 8 in Long Blades
  3457 | D:4      | Found a staircase to the Ecumenical Temple.
  3468 | Temple   | Entered the Ecumenical Temple
  3736 | D:4      | Reached skill level 5 in Armour
  3736 | D:4      | Reached XP level 7. HP: 19/57 MP: 6/6
  3739 | D:4      | Mangled by a gnoll

Skill      XL: |  1  2  3  4  5  6 |
---------------+-------------------+-----
Long Blades    | 3 4 5 6 7 8 |  8.6
Armour         | 5 |  5.1
Fighting       | |  3.6
Shields        | |  3.6

Action                   |  1- 3 |  4- 6 |  7- 9 || total
-------------------------+-------+-------+-------++-------
Melee: Long sword        |    63 |   140 |     1 ||   204
       Headbutt          |    12 |    39 |       ||    51
  Use: Potion            |       |       |     1 ||     1
  Eat: Chunk             |       |     9 |       ||     9
Armor: Scale mail        |    35 |    38 |     2 ||    75
Dodge: Dodged            |    25 |    38 |     2 ||    65
Block: Shield            |    37 |    58 |     4 ||    99
       Rpst.: Long sword |     6 |     7 |       ||    13
